 Dungeon Crawl Stone Soup version 0.23-a0-641-g0a7f1ce553 (webtiles) character file.

158 HereIgoKillingAgain the Chopper (level 5, -2/46 HPs)
             Began as a Deep Dwarf Fighter on Dec 30, 2018.
             Slain by Grinder (3 damage)
             ... on level 3 of the Dungeon.
             The game lasted 00:01:53 (1421 turns).

HereIgoKillingAgain the Chopper (DDFi)              Turns: 1421, Time: 00:01:54

Health: -2/46      AC:  6    Str: 24    XL:     5   Next: 16%
Magic:  5/5        EV:  9    Int: 10    God:
Gold:   125        SH:  5    Dex: 12    Spells: 4/4 levels left

rFire    . . .     SeeInvis .   a - +0 war axe
rCold    . . .     Gourm    .   h - +0 buckler (curse)
rNeg     . . .     Faith    .   b - +0 scale mail
rPois    .         Spirit   .   (no helmet)
rElec    .         Reflect  .   (no cloak)
rCorr    .         Harm     .   (no gloves)
MR       .....                  (no boots)
Stlth    +.........             (no amulet)
HPRegen  0.00/turn              r - ring of stealth
MPRegen  0.09/turn              (no ring)

@: mighty, non-regenerating
A: damage resistance, heal wounds, sense surroundings 1, no regeneration
a: Heal Wounds


You were on level 3 of the Dungeon.
You were very hungry.

You visited 1 branch of the dungeon, and saw 3 of its levels.

You collected 125 gold pieces.

Inventory:

Hand Weapons
 a - a +0 war axe (weapon)
Armour
 b - a +0 scale mail (worn)
 c - a +0 shield
 h - a cursed +0 buckler (worn)
Jewellery
 r - a ring of stealth (left hand)
Scrolls
 e - 3 scrolls of teleportation {unknown}
 g - 2 scrolls of identify {unknown}
 i - 3 scrolls of immolation {unknown}
 k - a scroll of fear {unknown}
 l - a scroll of enchant armour {unknown}
 o - a scroll of noise {unknown}
 s - a scroll of random uselessness {unknown}
Potions
 j - 2 potions of resistance {unknown}
 m - a potion of mutation {unknown}
 n - a potion of brilliance {unknown}
 p - a potion of flight {unknown}
 q - a potion of magic {unknown}
 t - 2 potions of heal wounds {unknown}
Comestibles
 f - 4 rations


   Skills:
 - Level 2.6 Fighting
 + Level 5.3 Axes
 - Level 3.2 Armour
 - Level 4.2 Shields


You had 4 spell levels left.
You didn't know any spells.
Your spell library was empty.

Dungeon Overview and Level Annotations

Branches:
Dungeon (3/15)

Altars:

Annotations:
D:3 Grinder


Innate Abilities, Weirdness & Mutations

You are resistant to damage.
You can heal yourself by infusing magical energy.
You passively map a small area around you.
You do not regenerate.


Message History

Grinder is almost dead.
Grinder blinks!
Grinder says, "Don't move a muscle."
Grinder hits you!
* * * LOW HITPOINT WARNING * * *
You writhe in agony.
* * * LOW HITPOINT WARNING * * *
You closely miss Grinder.
Grinder is almost dead.
Grinder gestures at you. You resist with some effort. Grinder hits you.
* * * LOW HITPOINT WARNING * * *
Unknown command.
Okay, then.
You closely miss Grinder.
Grinder is almost dead.
Grinder hits you!
* * * LOW HITPOINT WARNING * * *
You writhe in agony.
You die...

#..#....####... #..#.#.#
#..............##.#.##.#
#######.##.............#
#.##.......##.####
####.##.......##.######
#.............##.<....#
##.##.##.......##......#
#.....##.5.....##......#
#..#.....@.....###.....#
#..#.###..###### #.....#
#.........# ###.###
#......##.# * .#
####>#.#....,,, .#
#......### ###.#.##* * *
, #.... ###,## * , *


You could see Grinder.

Vanquished Creatures
  Terence (D:2)
  7 adders
  A worm (D:2)
  2 dart slugs (D:1)
  5 orcs (D:3)
  4 bats
  5 giant cockroaches
  7 hobgoblins
  2 jackals (D:1)
  6 kobolds
  2 quokkas
  A frilled lizard (D:2)
  5 goblins
  11 rats
59 creatures vanquished.

Notes
Turn   | Place    | Note
-------+----------+-------------------------------------------
     0 | D:1      | HereIgoKillingAgain the Deep Dwarf Fighter began the quest
                  | for the Orb.
     0 | D:1      | Reached XP level 1. HP: 20/20 MP: 1/1
   121 | D:1      | Reached skill level 3 in Axes
   121 | D:1      | Reached XP level 2. HP: 27/27 MP: 2/2
   565 | D:1      | Reached XP level 3. HP: 29/33 MP: 3/3
   635 | D:2      | Noticed Terence
   646 | D:2      | Killed Terence
   646 | D:2      | Reached skill level 4 in Axes
   646 | D:2      | Reached XP level 4. HP: 16/40 MP: 4/4
  1319 | D:3      | Reached skill level 5 in Axes
  1339 | D:3      | Reached XP level 5. HP: 32/46 MP: 5/5
  1400 | D:3      | Noticed Grinder
  1421 | D:3      | HP: 1/46 [Grinder (4)]
  1421 | D:3      | Slain by Grinder

Vault maps used:
D:1:      evilmike_arrival_hilbert_curve, minmay_misc_feat_chi
D:2:      uniq_terence
D:3:      minmay_misc_feat_tower, minmay_randomly_rotated_circles, uniq_grinder

Skill      XL: |  1  2  3  4 |
---------------+-------------+-----
Axes           | 3 4 5 |  5.3
Shields        | 4 |  4.2
Fighting       | |  2.6
Armour         | |  3.2

Action                   |  1- 3 |  4- 6 || total
-------------------------+-------+-------++-------
Melee: War axe           |    91 |    95 ||   186
 Abil: Heal Wounds       |       |     1 ||     1
  Use: Potion            |       |     1 ||     1
  Eat: Chunk             |       |     1 ||     1
Armor: Scale mail        |    50 |    47 ||    97
Dodge: Dodged            |    57 |    45 ||   102
Block: Buckler           |    21 |    16 ||    37

Table legend:
 A = Non-vault XP
 B = Vault XP
 C = Vault XP percentage of total XP
 D = Non-vault monster count
 E = Vault monster count
 F = Vault count percentage of total count
                 A         B        C        D         E       F
            +---------+---------+-------+---------+---------+-------
      Total |     190 |      36 |  15.9 |      58 |       1 |   1.7
            +---------+---------+-------+---------+---------+-------
        D:1 |      42 |       0 |   0.0 |      24 |       0 |   0.0
        D:2 |     102 |      36 |  26.1 |      24 |       1 |   4.0
        D:3 |      46 |       0 |   0.0 |      10 |       0 |   0.0
            +---------+---------+-------+---------+---------+-------
